 Dungeon Crawl Stone Soup version 0.29-a0-25-g7f48f510a0 (webtiles) character file.

Game seed: 17570733308375841129

33 Bosse the Skirmisher (level 3, -9/29 HPs)
             Began as a Demonspawn Abyssal Knight on Jan 31, 2022.
             Was a Follower of Lugonu.
             Mangled by Sigmund (10 damage)
             ... on level 2 of the Dungeon.
             The game lasted 00:05:27 (2143 turns).

Bosse the Skirmisher (Demonspawn Abyssal Knight)    Turns: 2143, Time: 00:05:28

Health: -9/29      AC:  8    Str: 15    XL:     3   Next: 12%
Magic:  4/4        EV: 11    Int: 11    God:    Lugonu [*.....]
Gold:   18         SH:  0    Dex: 13    Spells: 2/2 levels left

rFire   . . .      SeeInvis .   a - +1 hand axe
rCold   . . .      Faith    .   (no shield)
rNeg    . . .      Spirit   .   b - +1 leather armour
rPois   .          Reflect  .   (no helmet)
rElec   .          Harm     .   (no cloak)
rCorr   .          Rampage  .   (no gloves)
Will    .....                   (no boots)
Stlth   +.........              (no amulet)
HPRegen 0.09/turn               c - ring of flight
MPRegen 0.09/turn               d - +4 ring of protection

@: confused, flying
A: powered by pain 1
a: Renounce Religion, Depart the Abyss


You were on level 2 of the Dungeon.
You worshipped Lugonu.
Lugonu was aware of your devotion.
You visited 1 branch of the dungeon, and saw 2 of its levels.
You visited the Abyss 1 time.

You collected 18 gold pieces.

Inventory:

Hand Weapons
 a - a +1 hand axe (weapon)
 f - a +2 dagger of venom
Armour
 b - a +1 leather armour (worn)
Jewellery
 c - a ring of flight (left hand)
 d - a +4 ring of protection (right hand)
Scrolls
 g - 2 scrolls of enchant armour
Potions
 e - 2 potions of curing


   Skills:
 + Level 3.5 Fighting
 * Level 2.5 Axes
 + Level 2.0 Armour
 + Level 0.9 Dodging
 + Level 0.2 Stealth
 + Level 2.4 Invocations


You had 2 spell levels left.
You didn't know any spells.
Your spell library contained the following spells:

 Spells                   Type           Power      Damage    Failure   Level
 Shock                    Conj/Air       0%         1d3       41%         1
 Swiftness                Air            0%         N/A       78%         3
 Airstrike                Air            0%         N/A       99%         4


Dungeon Overview and Level Annotations

Branches:
Dungeon (2/15)

Altars:

Annotations:
D:2 Sigmund


Innate Abilities, Weirdness & Mutations

You sometimes gain a little power by taking damage.


Message History

Found 9 gold pieces.
Sigmund shouts!
Sigmund hits you from afar with a +0 scythe.
You see here 10 stones.
Sigmund gestures at you while chanting. You resist with significant effort.
Sigmund says, "Look into my eyes."
Sigmund points at you and mumbles some strange words.
The puff of flame hits you. Sigmund casts a spell at you.
You are confused.
You bump into the rock wall.
You bump into the rock wall.
You bump into the rock wall.
You bump into the rock wall.
You bump into the rock wall.
You feel less confused.
Sigmund gestures wildly while chanting.
Sigmund flickers and vanishes!
Deactivating autopickup; reactivate with Ctrl-A.
You hear some strange, mumbled words.
A puff of flame appears from out of thin air!
The puff of flame hits you.
You miss something. Something hits you.
You hit something. Something hits you.
You miss something. Something completely misses you.
You closely miss something. You hit something. Something hits you.
You barely miss something. Something hits you!
* * * LOW HITPOINT WARNING * * *
You hit something.
You hear some strange, mumbled words.
You are confused.
You hit something. Something hits you.
* * * LOW HITPOINT WARNING * * *
You bump into the rock wall.
You closely miss something. Something hits you.
* * * LOW HITPOINT WARNING * * *
You bump into the rock wall.
Something hits you!
You die...

#......##.
##.....#
########..########
#..........@.....#
#.######..######.#
...@......# #.#
..#######.# #.#
..# #.# #{# ###
#.# #@# #.# #.#
..# #.# ## #.# #.#
#.# #.# #.# #.#


There were no monsters in sight!

Vanquished Creatures
  A worm (D:2)
  5 ball pythons (D:1)
  2 bats (D:1)
  2 endoplasms (D:1)
  2 giant cockroaches (D:1)
  2 goblins (D:1)
  A hobgoblin (D:1)
  4 jackals (D:1)
  2 quokkas (D:1)
  A frilled lizard (D:1)
  3 kobolds (D:1)
  A rat (D:1)
26 creatures vanquished.

Notes
Turn   | Place    | Note
-------+----------+-------------------------------------------
     0 | Abyss:1  | Bosse the Demonspawn Abyssal Knight began the quest for the
                  | Orb.
     0 | Abyss:1  | Reached XP level 1. HP: 18/18 MP: 2/2
   104 | Abyss:1  | Noticed a ynoxinul
   106 | Abyss:1  | Noticed a starcursed mass
   120 | D:1      | Escaped the Abyss
   478 | D:1      | Reached * piety under Lugonu
  1017 | D:1      | Gained mutation: You sometimes gain a little power by
                  | taking damage. [demonic ancestry]
  1017 | D:1      | Reached XP level 2. HP: 24/24 MP: 3/3
  1609 | D:1      | Reached XP level 3. HP: 23/29 MP: 4/4
  2088 | D:2      | Noticed Sigmund
  2142 | D:2      | HP: 1/29 [something (1)]
  2143 | D:2      | Mangled by Sigmund

Illustrated notes

Levels and vault maps discovered:
D:1:      mrwooster_arrival_statue_3, layout_loops_ring, glass_columns_b
D:2:      layout_loops_ring, serial_park_tiny_2, uniq_sigmund

Skill      XL: |  1  2 |
---------------+-------+-----
Axes           | 2 |  2.5
Armour         | 2 |  2.0
Fighting       | |  3.5
Dodging        | |  0.9
Stealth        | |  0.2
Invocations    | |  2.4

Action                   || total
-------------------------++-------
Melee: Hand axe          ||    94
       Punch             ||     2
Invok: Depart the Abyss  ||     1
  Use: Scroll            ||     2
 Stab: Sleeping          ||     1
Armor: Leather armour    ||    36
Dodge: Dodged            ||    52

Table legend: (Time is in decaauts)
 A = Elapsed time spent in this place.
 B = Non-inter-level travel time spent in this place.
 C = Inter-level travel time spent in this place.
 D = Time resting spent in this place.
 E = Time spent auto-exploring this place.
 F = Levels seen in this place.
 G = Mean time per level.
                   A        B        C        D        E       F      G
               +--------+--------+--------+--------+--------+-----+--------+
         Total |   2159 |   2136 |     23 |    245 |   1605 |   3 |  719.7 |
       Dungeon |   2039 |   2016 |     23 |    245 |   1502 |   2 | 1019.5 |
         Abyss |    120 |    120 |      0 |      0 |    103 |   1 |  120.0 |
               +--------+--------+--------+--------+--------+-----+--------+

Top non-repeatable levels by time:
     D:1: 1829 daAuts
     D:2: 210 daAuts
 Abyss:1: 120 daAuts
